 Dungeon Crawl Stone Soup version 0.31.0-2-g5a2aebc5c2 (webtiles) character file.

Game seed: 10133070278526194484

53 LegendsAlwaysDI3 the Trooper (level 3, -2/33 HPs)
             Began as a Draconian Berserker on Jan 20, 2024.
             Was a Follower of Trog.
             Slain by a gnoll
             ... wielding a +0 spear
              (5 damage)
             ... on level 2 of the Dungeon.
             The game lasted 00:01:34 (1058 turns).

LegendsAlwaysDI3 the Trooper (Draconian Berserker)  Turns: 1058, Time: 00:01:34

Health: -2/33      AC:  5    Str: 21    XL:     3   Next: 62%
Magic:  3/3        EV: 12    Int:  7    God:    Trog [*.....]
Gold:   43         SH:  0    Dex: 10    Spells: 2/2 levels left

rFire   . . .        a - +0 spear
rCold   . . .        (no shield)
rNeg    . . .        (body armour unavailable)
rPois   .            (helmet restricted)
rElec   .            (no cloak)
rCorr   .            (no gloves)
SInv    .            (no boots)
Will    .....        (no amulet)
Stlth   +            (no ring)
HPRegen 0.25/turn    (no ring)
MPRegen 0.08/turn

%: no passive effects
@: on berserk cooldown, slowed, very slow
A: AC +5, unfitting armour, cold-blooded
a: Renounce Religion, Berserk


You were on level 2 of the Dungeon.
You worshipped Trog.
Trog was aware of your devotion.
You visited 1 branch of the dungeon, and saw 2 of its levels.

You collected 43 gold pieces.

Inventory:

Hand Weapons
 a - a +0 spear (weapon)
Jewellery
 c - an amulet of guardian spirit
Scrolls
 b - a scroll of immolation {unknown}
 d - a scroll of blinking {unknown}


   Skills:
 + Level 3.9 Fighting
 + Level 3.6 Polearms
 + Level 3.1 Dodging
 + Level 0.7 Stealth


You had 2 spell levels left.
You didn't know any spells.
Your spell library was empty.

Dungeon Overview and Level Annotations

Branches:
Dungeon (2/15)

Altars:
Vehumet


Innate Abilities, Weirdness & Mutations

Your plain brown scales are hard. (AC +5)
You cannot fit into any form of body armour.
You are cold-blooded and may be slowed by cold attacks.


Message History

You hear a loud squeak.
A red film seems to cover your vision as you go berserk!
You feel yourself moving faster!
You feel mighty! The gnoll closely misses you. x2
The kobold hits you but does no damage.
You barely miss the gnoll.
The gnoll is severely wounded.
You puncture the gnoll!
You kill the gnoll!
Trog accepts your kill. The gnoll closely misses you.
The kobold closely misses you.
The gnoll hits you from afar with a +0 spear!
The kobold barely misses you.
Things that are here:
a +0 flail; a gnoll corpse You puncture the kobold!
You feel the power of Trog in you as your rage grows.
You kill the kobold!
Trog accepts your kill. The kobold hits you with a +0 dagger.
* * * LOW HITPOINT WARNING * * *
The gnoll misses you.
Things that are here:
a +0 dagger; 5 stones; a kobold corpse You feel a strong urge to attack something.
The kobold hits you but does no damage. The gnoll barely misses you.
A kobold comes into view. It is wielding a +0 club.
Things that are here:
a +0 dagger; 5 stones; a kobold corpse You puncture the kobold!
You kill the kobold!
Trog accepts your kill.
You are no longer berserk.
You are exhausted.
You feel yourself slow down. The gnoll closely misses you.
You barely miss the gnoll. You tail-slap the gnoll.
The gnoll is lightly wounded.
The gnoll hits you from afar with a +0 spear!
* * * LOW HITPOINT WARNING * * *
The gnoll hits you from afar with a +0 spear.
You die...

# ### .## #.#####
..##..## #..K.g#
#.#...$.
#.#g)@######.#.#.##
.....g#).............
###..###...........#
#.# ##......## ##
#.#####.## #.# #..#
#.# ##.# #. #.# # #.#


You could see 3 gnolls and a kobold.

Vanquished Creatures
  A gnoll (D:2)
  An adder (D:2)
  2 dart slugs (D:1)
  2 ball pythons (D:1)
  4 bats (D:1)
  3 endoplasms (D:1)
  A giant cockroach (D:2)
  A goblin (D:2)
  4 hobgoblins
  6 kobolds
  5 rats
30 creatures vanquished.

Notes
Turn   | Place    | Note
-------+----------+-------------------------------------------
     0 | D:1      | LegendsAlwaysDI3 the Draconian Berserker began the quest
                  | for the Orb.
     0 | D:1      | Reached XP level 1. HP: 19/19 MP: 1/1
     6 | D:1      | Noticed a wyvern
     6 | D:1      | Noticed a mana viper
     7 | D:1      | Noticed a black bear
   127 | D:1      | Reached XP level 2. HP: 26/26 MP: 2/2
   927 | D:2      | Found a radiant altar of Vehumet.
   959 | D:2      | Reached XP level 3. HP: 30/33 MP: 3/3
  1058 | D:2      | Slain by a gnoll

Illustrated notes

Levels and vault maps discovered:
D:1:      onia_arrival_zoo_common, layout_basic, serial_bayou_pond_d
D:2:      layout_loops_ring, basic_altar, lexackson_kobold_supper

Skill      XL: |  1  2 |
---------------+-------+-----
Dodging        | 3 |  3.1
Fighting       | |  3.9
Polearms       | |  3.6
Stealth        | |  0.7

Action                     || total
---------------------------++-------
  Melee: Spear             ||   127
         Tailslap          ||    11
 Invoke: Berserk           ||     1
   Stab: Sleeping          ||     3
 Armour: Skin              ||    56
  Dodge: Dodged            ||    50
